Map: Pillars of Gold LE

Players

MarineLorD

  • Race: Terran Terran
  • Spawn Location: 1:00

SKillous - Winner!

  • Race: Protoss Protoss
  • League: Grandmaster
  • Spawn Location: 7:00

Event: DreamHack SC2 Masters 2020 Summer Europe

VOD

Have the link to the VOD?

Description

Time

  • Played on: July 3, 2020, 12:07 p.m.
  • Length: 13:25

All games in this series

Show
View Real Time Build Order
Export as new Build Order

MarineLorD Terran 

Build Orders: Reaper Expand 

Get SALT Encoding   

  12  0:00  SCV  
  13  0:12  SCV  
  14  0:17  Supply Depot  
  14  0:24  SCV  
  15  0:39  SCV  
  15  0:40  Barracks  
  16  0:44  Refinery  
  16  0:51  SCV  
  17  1:03  SCV  
  18  1:15  SCV  
  19  1:27  Orbital Command, Reaper  
  20  1:45  Command Center  
  20  1:52  SCV  
  21  1:58  Marine  
  22  2:01  Supply Depot  
  22  2:05  SCV  
  23  2:16  Factory  
  23  2:20  Barracks Reactor  
  23  2:23  SCV  
  23  2:27  Refinery  
  24  2:35  SCV  
  25  2:47  SCV  
  26  2:57  Orbital Command, Marine x2  
  28  3:01  Starport, Widow Mine  
  28  3:02  SCV  
  31  3:14  SCV  
  31  3:15  Marine x2  
  34  3:25  SCV  
  34  3:26  SCV  
  38  3:27  Widow Mine  
  38  3:37  Supply Depot  
  37  3:41  SCV x2  
  37  3:44  Marine x2  
  41  3:55  SCV x2  
  43  3:57  Factory Tech Lab  
  43  4:04  Command Center  
  43  4:07  SCV x2  
  43  4:09  Marine x2  
  47  4:15  Cyclone  
  50  4:19  SCV x2  
  50  4:20  Supply Depot  
  52  4:24  Supply Depot  
  52  4:29  Marine x2  
  54  4:32  Starport Tech Lab  
  54  4:38  Barracks  
  54  4:42  SCV x2, Barracks  
  54  4:45  Supply Depot  
  56  4:49  Marine x2  
  58  4:54  SCV x2  
  60  5:00  Engineering Bay  
  60  5:05  Supply Depot  
  60  5:06  SCV x2  
  62  5:08  Marine x2  
  64  5:17  Orbital Command  
  64  5:18  SCV  
  65  5:22  SCV  
  65  5:26  Terran Infantry Weapons Level 1, Marine x2, Supply Depot  
  68  5:31  Factory Reactor  
  68  5:32  Starport Reactor  
  68  5:38  Stimpack, Combat Shield, Marauder x2  
  68  5:41  Refinery  
  72  5:43  SCV x3  
  72  5:48  Marine x2  
  77  5:52  Refinery  
  77  5:54  Missile Turret  
  77  5:55  SCV x2  
  79  5:58  SCV  
  79  6:01  Marauder x2  
  78  6:07  SCV x2, Medivac  
  78  6:09  Medivac  
  78  6:10  SCV  
  85  6:14  Marine x2  
  89  6:18  Widow Mine  
  89  6:19  Widow Mine  
  89  6:24  Supply Depot  
  91  6:26  Marauder x2  
  91  6:30  SCV x2  
  91  6:31  Marine x2  
  91  6:32  SCV  
  97  6:40  Widow Mine  
  97  6:41  Widow Mine  
  97  6:42  SCV x2  
  97  6:45  Barracks  
  97  6:46  Barracks  
  101  6:50  Marauder x2  
  101  6:54  SCV, Medivac x2  
  107  6:55  SCV  
  107  6:56  Concussive Shells  
  107  6:59  Supply Depot  
  107  7:01  Missile Turret  
  111  7:02  Orbital Command  
  111  7:06  SCV  
  111  7:08  SCV  
  113  7:15  Marauder x2  
  117  7:20  Marine x2  
  117  7:21  SCV x2  
  121  7:25  Missile Turret  
  121  7:27  Medivac x2  
  125  7:31  Terran Infantry Armor Level 1  
  125  7:32  Supply Depot  
  125  7:33  Supply Depot  
  125  7:37  Barracks Reactor, Barracks Tech Lab  
  125  7:46  Marine x2  
  125  7:47  Marauder x2  
  121  7:57  Medivac x2  
  112  8:01  Marauder  
  101  8:08  Marauder x2, Marine x2  
  101  8:11  Widow Mine  
  106  8:18  Refinery x2, Marine x2  
  108  8:22  Marauder  
  108  8:25  Marine  
  108  8:26  Marine  
  112  8:27  Medivac x2  
  112  8:29  Marauder, Marine, Widow Mine, Command Center  
  112  8:32  Widow Mine  
  123  8:38  Engineering Bay  
  123  8:39  Ghost Academy, Armory  
  123  8:44  Marauder  
  118  8:49  Marauder, Marine  
  118  8:51  Marauder  
  118  8:55  Marine  
  110  8:56  Marine  
  110  8:58  Marine  
  110  9:00  SCV x2  
  98  9:04  SCV  
  98  9:05  Marauder  
  98  9:07  Marine  
  87  9:10  Marauder  
  87  9:12  Marauder, SCV  
  87  9:13  Marine, SCV  
  87  9:14  Marine  
  87  9:15  Marine  
  87  9:16  SCV  
  95  9:23  Viking  
  97  9:24  SCV  
  97  9:25  Marine  
  97  9:26  Marauder, SCV  
  97  9:28  SCV  
  97  9:31  Terran Infantry Weapons Level 2, Marine x2  
  104  9:32  Marine, Terran Infantry Armor Level 2  
  104  9:36  SCV, Terran Ship Weapons Level 1  
  104  9:38  SCV  
  108  9:39  Marine  
  108  9:41  SCV  
  108  9:43  Missile Turret  
  110  9:48  Planetary Fortress  
  110  9:49  SCV  
  110  9:50  SCV  
  110  9:53  Marine x3, SCV  
  113  10:00  Marine  
  113  10:01  SCV  
  113  10:02  SCV  
  113  10:05  SCV  
  117  10:13  SCV  
  117  10:14  SCV, Ghost x3  
  116  10:17  SCV  
  122  10:25  SCV  
  122  10:26  SCV  
  122  10:28  Sensor Tower  
  124  10:29  SCV  
  124  10:32  Enhanced Shockwaves  
  124  10:35  Refinery, SCV  
  126  10:37  Refinery, SCV  
  126  10:38  SCV  
  126  10:39  Marine  
  126  10:41  SCV  
  126  10:42  Marine  
  130  10:43  Marauder x2  
  130  10:45  Marine  
  130  10:47  SCV  
  130  10:49  SCV  
  135  10:50  SCV  
  135  10:54  SCV  
  133  10:57  Marauder, Marine x2  
  133  10:59  SCV  
  133  11:00  Marine  
  133  11:01  SCV  
  133  11:02  Viking  
  141  11:04  Marauder  
  141  11:05  Viking  
  141  11:10  Marine  
  141  11:11  Marauder  
  146  11:15  Marine  
  147  11:19  Supply Depot x2  
  147  11:21  Supply Depot x2, SCV x4  
  151  11:27  Ghost x2  
  155  11:40  Supply Depot, Viking x2  
  155  11:44  Supply Depot  
  155  11:45  Ghost  
  161  11:47  Marine x3  
  161  11:49  Marine  
  161  11:50  Widow Mine  
  162  12:02  Marauder, Marine  
  162  12:05  Marine x3  
  164  12:13  Marine  
  164  12:15  Marauder  
  156  12:20  Marauder  
  151  12:23  Marine x2, Viking x2  
  151  12:24  Marauder  
  151  12:25  Marine  
  160  12:31  Marine  
  160  12:34  SCV  
  160  12:36  Marauder, SCV  
  165  12:39  SCV  
  166  12:44  SCV  
  166  12:46  SCV  
  166  12:47  Marauder x2, Marine x2  
  150  13:01  Marauder, Marine x2  
  150  13:03  SCV  
  150  13:05  Marine x2  
Show
View Real Time Build Order
Export as new Build Order

SKillous Protoss - Winner!

Build Orders: 1 Gate Expand, Oracle Opening, Blink Stalkers 

Get SALT Encoding   

  12  0:00  Probe  
  13  0:12  Probe  
  14  0:18  Pylon  
  14  0:24  Probe  
  15  0:32  Probe  
  15  0:38  Gateway  
  15  0:40  Probe  
  16  0:48  Assimilator  
  17  0:51  Probe  
  18  1:03  Probe  
  19  1:15  Probe  
  20  1:25  Cybernetics Core  
  20  1:36  Nexus  
  20  1:41  Probe  
  21  1:47  Pylon  
  21  1:51  Assimilator  
  21  1:55  Adept, Probe  
  24  2:13  Probe  
  25  2:21  Probe, Stargate  
  25  2:29  Probe, Warp Gate  
  27  2:39  Stalker  
  27  2:40  Probe  
  29  2:44  Probe  
  30  2:52  Probe x2  
  30  2:56  Oracle  
  32  3:02  Probe  
  32  3:04  Probe  
  37  3:14  Probe  
  37  3:16  Probe  
  38  3:26  Probe  
  39  3:28  Probe  
  39  3:29  Gateway  
  43  3:38  Probe  
  43  3:40  Probe  
  42  3:42  Twilight Council  
  42  3:45  Gateway  
  40  3:50  Probe  
  40  3:51  Probe  
  40  3:52  Blink  
  42  3:59  Probe  
  42  4:01  Pylon  
  42  4:03  Probe  
  41  4:10  Probe  
  41  4:11  Nexus  
  41  4:15  Probe  
  41  4:16  Assimilator  
  43  4:24  Probe  
  43  4:28  Oracle  
  48  4:36  Probe  
  48  4:39  Pylon  
  48  4:40  Stalker  
  48  4:42  Stalker  
  48  4:43  Probe  
  53  4:48  Probe  
  54  4:56  Shield Battery  
  54  4:57  Stalker  
  56  5:01  Forge, Probe  
  56  5:03  Stalker  
  56  5:05  Probe  
  56  5:07  Protoss Ground Weapons Level 1  
  60  5:12  Stalker  
  62  5:16  Pylon  
  62  5:21  Pylon  
  62  5:23  Probe x3  
  65  5:33  Gateway  
  65  5:35  Gateway  
  65  5:38  Gateway  
  65  5:40  Probe  
  65  5:41  Probe  
  65  5:42  Probe  
  68  5:48  Sentry x2  
  72  5:50  Pylon  
  72  5:52  Probe  
  72  5:53  Charge, Probe  
  74  6:00  Probe  
  75  6:06  Probe  
  75  6:07  Probe  
  77  6:14  Gateway x2  
  77  6:15  Gateway  
  77  6:18  Stalker x3  
  83  6:19  Probe  
  83  6:20  Probe  
  83  6:21  Probe  
  83  6:24  Assimilator  
  86  6:32  Robotics Facility  
  86  6:35  Probe  
  86  6:36  Pylon  
  85  6:45  Zealot x6  
  97  6:48  Probe  
  97  6:50  Probe  
  97  6:51  Pylon  
  97  6:52  Assimilator  
  99  6:57  Probe  
  99  6:58  Protoss Ground Armor Level 1  
  99  6:59  Assimilator  
  100  7:03  Probe  
  100  7:05  Probe  
  102  7:12  Pylon  
  102  7:14  Phoenix  
  104  7:22  Templar Archives  
  104  7:25  Zealot x6  
  104  7:28  Pylon  
  116  7:30  Pylon  
  116  7:32  Probe  
  117  7:42  Pylon  
  117  7:43  Observer  
  117  7:48  Stalker x3  
  117  7:49  Zealot x4  
  132  7:54  Warp Prism  
  132  7:58  Probe  
  119  8:11  Zealot x5  
  119  8:12  Zealot  
  133  8:14  High Templar x3  
  133  8:19  Archon  
  138  8:28  Nexus  
  138  8:30  Pylon  
  138  8:32  Robotics Bay  
  138  8:37  Zealot x3  
  144  8:42  Pylon  
  134  8:51  Zealot x5  
  124  8:57  Protoss Ground Weapons Level 2  
  124  9:01  Zealot x3  
  111  9:04  Probe  
  111  9:08  Zealot  
  101  9:10  Colossus, Probe  
  101  9:13  Zealot x2  
  108  9:24  Extended Thermal Lance  
  108  9:25  Sentry x2  
  108  9:26  High Templar x2  
  108  9:27  High Templar  
  108  9:28  Probe  
  108  9:29  Probe  
  120  9:35  Archon x2  
  121  9:41  Probe  
  121  9:42  Zealot x2  
  121  9:44  Probe  
  126  9:47  Colossus  
  126  9:56  High Templar x4  
  134  10:03  Archon x2  
  136  10:08  Probe  
  136  10:10  Zealot x2  
  136  10:11  Zealot x3  
  136  10:13  Photon Cannon  
  147  10:15  Photon Cannon  
  147  10:29  Pylon, Zealot x4  
  147  10:32  Forge  
  155  10:36  Warp Prism  
  155  10:41  Zealot x4  
  155  10:42  Zealot  
  165  10:45  Robotics Facility  
  163  10:56  Zealot x3  
  163  10:57  Zealot  
  157  11:04  Disruptor  
  157  11:08  Nexus  
  157  11:12  Nexus  
  157  11:15  Pylon  
  157  11:17  Dark Shrine  
  160  11:25  Stalker x3  
  166  11:29  Disruptor  
  166  11:30  Disruptor, Probe  
  167  11:38  Zealot x4  
  181  11:50  Probe x2  
  178  12:02  Zealot x6  
  178  12:03  Zealot x3  
  196  12:09  Disruptor  
  196  12:11  Disruptor  
  196  12:13  Pylon  
  190  12:17  Pylon  
  176  12:25  Probe  
  176  12:26  Probe  
  176  12:28  Assimilator  
  176  12:29  Assimilator  
  178  12:31  Pylon  
  178  12:32  Photon Cannon  
  178  12:33  Photon Cannon, Dark Templar x2  
  182  12:45  Zealot x5  
  182  12:46  Zealot x2  
  182  12:49  Disruptor  
  169  13:08  Zealot x9  
Tags
 
Add a new tag
Caveats
  • Supply blocks, unpowered buildings, or Contaminate may cause inaccurate times.
  • Supply counts are checked every 10 seconds.